Unix NetHack Version 5.0.0-0 post-release - last build Jun 10 2026 00:39:30 (3ee93aec679c4c4259841fe613dc97188e26a321,branch:main).

Game began 2026-06-19 12:10:06, ended 2026-06-19 12:22:33.

Jobair, chaotic female elven Wizard

          -----
         #....|            ----------------
         #|<...##          |...........@.f|
         #|{..|####        |............q.|
         #-----   ####     |..............|#
         ###      #  0#####................#
           #      #        -------------.--
           #      #                  ####
     ------#      #                ###
     |(...|#      ##               #
     |....|#       #              ##
     |....|#       #         ######
     |....|#       #         #
     |.....#       ###      ##
     ------           #  ---------
                      ###|.......|
                        #........|
                         ---------

Jobair the Conjurer       St:14 Dx:12 Co:11 In:18 Wi:11 Ch:14  Chaotic
Dlvl:5  $:68 HP:0(19) Pw:22(33) AC:9  Xp:3 T:1584  Stun

Latest messages:
 You see here a lichen corpse.
 There is a lichen corpse here; eat it? [ynq] (n) y
 This lichen corpse tastes okay.
 You finish eating the lichen corpse.
 You stop.  Godzilla is in the way!
 You stop.  Godzilla is in the way!
 You swap places with Godzilla.
 You hear a door open.
 The kobold throws a dart!
 You are hit by a dart.
 o - a dart (9 in total).
 You miss the kobold.
 You kill the kobold!
 You see here 5 darts.
 o - 5 darts (14 in total).
 You hear a distant explosion.
 You swap places with Godzilla.
 The giant bat bites!
 The giant bat bites!
 The giant bat bites!
 You hit the giant bat!
 The giant bat bites!
 The giant bat bites!
 In what direction? 7
 The sleep ray hits the giant bat.
 The sleep ray bounces!
 You kill the giant bat!
 You see here a giant bat corpse.
 There is a giant bat corpse here; eat it? [ynq] (n) y
 This giant bat corpse is stringy.
 You finish eating the giant bat corpse.
 You hear some noises.
 Are you waiting to get hit?  Use 'm' prefix to force a no-op (to rest).
 Are you waiting to get hit?  Use 'm' prefix to force a no-op (to rest).
 Are you waiting to get hit?  Use 'm' prefix to force a no-op (to rest).
 Are you waiting to get hit?  Use 'm' prefix to force a no-op (to rest).
 Are you waiting to get hit?  Use 'm' prefix to force a no-op (to rest).
 Are you waiting to get hit?  Use 'm' prefix to force a no-op (to rest).
 Are you waiting to get hit?  Use 'm' prefix to force a no-op (to rest).
 Godzilla misses the rothe.
 Godzilla misses the rothe.
 The rothe hits!
 The rothe bites!
 The rothe bites again!
 You die...
 Do you want your possessions identified? [ynq] (y) y
 Do you want to see your attributes? [ynq] (y) y
 Do you want an account of creatures vanquished? [ynaq] (y) y
 Do you want to see your conduct and achievements? [ynq] (y) y
 Do you want to see the dungeon overview? [ynq] (y) y

Inventory:
 Coins    ('$')
  $ - 68 gold pieces
 Weapons  (')')
  p - 10 blessed +1 darts
  o - 14 +0 darts
  a - a blessed +1 quarterstaff (weapon in hands)
 Armor    ('[')
  b - an uncursed +0 cloak of magic resistance (being worn)
 Comestibles  ('%')
  B - 2 uncursed carrots
  s - an uncursed food ration
  q - 2 cursed eggs
 Scrolls  ('?')
  i - 2 uncursed scrolls of confuse monster
  h - 2 uncursed scrolls of enchant weapon
  j - 2 uncursed scrolls of remove curse
 Spellbooks  ('+')
  k - a blessed spellbook of force bolt
  v - an uncursed spellbook of knock
  l - an uncursed spellbook of sleep
 Potions  ('!')
  z - 2 uncursed potions of extra healing
  A - 2 cursed potions of extra healing
  g - an uncursed potion of gain ability
  u - a blessed potion of gain energy
  f - 3 uncursed potions of healing
  E - 2 cursed potions of healing
  y - a blessed potion of monster detection
  w - an uncursed potion of restore ability
 Rings    ('=')
  e - an uncursed +2 ring of increase accuracy
  d - an uncursed ring of see invisible
 Wands    ('/')
  c - a wand of striking (0:8)
 Tools    ('(')
  n - an uncursed bugle
  m - a magic marker (0:19)
  D - an uncursed tin whistle
 Gems/Stones  ('*')
  t - an uncursed jasper stone
  r - an uncursed worthless piece of green glass

Jobair the Wizard's attributes:

Background:
 You were a Conjurer, a level 3 female elven Wizard.
 You were chaotic, nominally on a mission for Anhur
 who was opposed by Ptah (lawful) and Thoth (neutral).
 You were right-handed.
 You were in the Dungeons of Doom, on level 5.
 You entered the dungeon 1584 turns ago.
 You had 60 experience points, 20 more were needed to attain level 4.

Basics:
 You had 0 out of 19 hit points.
 You had 22 out of 33 energy points (spell power).
 Your armor class was 9.
 Your wallet contained 68 zorkmids.
 Autopickup was off.

Final Characteristics:
 Your strength was 14 (limit:18).
 Your dexterity was 12 (limit:18).
 Your constitution was 11 (limit:16).
 Your intelligence was 18 (limit:20).
 Your wisdom was 11 (limit:20).
 Your charisma was 14 (limit:18).

Final Status:
 You were stunned.
 You weren't hungry.
 You were unencumbered.
 You were wielding a quarterstaff.
 You had basic skill with quarterstaff.

Final Attributes:
 You were devoutly aligned.
 You were magic-protected.
 You had infravision.
 You were warded.
 You are dead.

Miscellaneous:
 You didn't encounter any bones levels.
 Total elapsed playing time was 12 minutes and 21 seconds.

Major events:
 Turn
    1: Jobair the chaotic female elven Wizard entered the dungeon
 1351: attained the rank of Conjurer (level 3)
 1584: killed by a rothe

Spells:
 Name                 Level Category     Fail Retention
 force bolt             1   attack         0%  91%-100%
 sleep                  3   enchantment    0%  91%-100%

Skills:
 Fighting Skills
   bare handed combat [Unskilled]
   riding             [Unskilled]
 Weapon Skills
   dagger             [Unskilled]
   knife              [Unskilled]
   axe                [Unskilled]
   short sword        [Unskilled]
   club               [Unskilled]
   mace               [Unskilled]
   quarterstaff       [Basic]
   polearms           [Unskilled]
   spear              [Unskilled]
   trident            [Unskilled]
   sling              [Unskilled]
   dart               [Unskilled]
   shuriken           [Unskilled]
 Spellcasting Skills
   attack spells      [Basic]
   healing spells     [Unskilled]
   divination spells  [Unskilled]
   enchantment spells [Basic]
   clerical spells    [Unskilled]
   escape spells      [Unskilled]
   matter spells      [Unskilled]

Voluntary challenges:
 Character rerolling was not enabled.
 You were an atheist.
 You were illiterate.
 You never genocided any monsters.
 You never polymorphed an object.
 You never changed form.
 You used no wishes.
Achievements:
 You entered a shop.
 You attained the rank of Conjurer.

 The Dungeons of Doom: levels 1 to 5
    Level 1:
       A fountain.
    Level 2:
       A fountain, a grave.
    Level 3:
       A fountain.
    Level 4:
       A potion shop, a fountain.
    Level 5: <- You were here.
       A sink.
       Final resting place for
          you, killed by a rothe.


Vanquished creatures:
  a giant bat
 an acid blob
  a coyote
  2 cave spiders
  a garter snake
  2 gnome zombies
  a gecko
  4 jackals
  3 foxes
  2 kobolds
  2 goblins
  a grid bug
  2 lichens
  2 kobold zombies
  2 newts
27 creatures vanquished.

No species were genocided or became extinct.

Game over:
                       ----------
                      /          \
                     /    REST    \
                    /      IN      \
                   /     PEACE      \
                  /                  \
                  |      Jobair      |
                  |      68 Au       |
                  |   killed by a    |
                  |      rothe       |
                  |                  |
                  |                  |
                  |       2026       |
                 *|     *  *  *      | *
        _________)/\\_//(\/(/\)/\//\/|_)_______

Goodbye Jobair the Wizard...

You died in The Dungeons of Doom on dungeon level 5 with 502 points,
and 68 pieces of gold, after 1584 moves.
You were level 3 with a maximum of 19 hit points when you died.

